 Dungeon Crawl Stone Soup version 0.23.2-1-ga50397a6bc (webtiles) character file.

Game seed: 8104339202073225868

686 Gumption the Chiller (level 7, -6/55 HPs)
             Began as a Demonspawn Ice Elementalist on May 27, 2019.
             Was an Initiate of Vehumet.
             Mangled by an orc priest
             ... wielding a +0 whip
              (9 damage)
             ... on level 5 of the Dungeon.
             The game lasted 00:34:00 (6707 turns).

Gumption the Chiller (Demonspawn Ice Elementalist)  Turns: 6707, Time: 00:34:01

Health: -6/55      AC: -2    Str:  8    XL:     7   Next: 35%
Magic:  11/13      EV: 12    Int: 18    God:    Vehumet [......]
Gold:   285        SH:  0    Dex: 14    Spells: 8/14 levels left

rFire    . . .     SeeInvis .   a - +0 whip (elec)
rCold    + . .     Gourm    .   (no shield)
rNeg     . . .     Faith    .   f - +0 robe
rPois    .         Spirit   .   (no helmet)
rElec    .         Reflect  .   r - +0 cloak
rCorr    .         Harm     .   C - +0 pair of gloves
MR       .....                  (no boots)
Stlth    ++........             (no amulet)
HPRegen  0.18/turn              (no ring)
MPRegen  0.13/turn              (no ring)

@: corroded
A: rugged brown scales 2, cold resistance 1, spiny 1
a: Renounce Religion


You were on level 5 of the Dungeon.
You worshipped Vehumet.
Vehumet was noncommittal.
You were not hungry.

You visited 2 branches of the dungeon, and saw 6 of its levels.

You collected 285 gold pieces.

Inventory:

Hand Weapons
 a - a +0 whip of electrocution (weapon)
 b - a +0 hunting sling
Missiles
 d - 42 sling bullets
 j - 6 needles of frenzy
 n - 224 stones (quivered)
Armour
 f - a +0 robe (worn)
 r - a +0 cloak (worn)
 s - a +0 large shield
 C - a +0 pair of gloves (worn)
Jewellery
 e - a cursed ring of teleportation {unknown}
Wands
 A - a wand of disintegration (11)
 E - a wand of random effects (8)
Scrolls
 g - 2 scrolls of teleportation {unknown}
 i - 3 scrolls of identify {unknown}
 l - a scroll of enchant armour {unknown}
 o - a scroll of fear {unknown}
 q - a scroll of remove curse {unknown}
 t - a scroll of fog {unknown}
 x - a scroll of vulnerability {unknown}
 y - a scroll of noise {unknown}
 B - a scroll of enchant weapon {unknown}
Potions
 h - a potion of cancellation {unknown}
 k - 5 potions of curing {unknown}
 m - 2 potions of ambrosia {unknown}
 p - 2 potions of haste {unknown}
 u - a potion of mutation {unknown}
 v - a potion of flight {unknown}
 w - a potion of brilliance {unknown}
 z - a potion of degeneration {unknown}
Comestibles
 c - 10 rations
 D - 2 chunks of flesh


   Skills:
 + Level 3.8 Fighting
 - Level 1.7 Dodging
 - Level 1.7 Stealth
 + Level 4.0 Spellcasting
 + Level 1.5 Conjurations
 * Level 5.8 Ice Magic


You had 8 spell levels left.
You knew the following spells:

 Your Spells              Type           Power        Failure   Level  Hunger
a - Freeze                Ice            ###.         1%          1    None
b - Throw Frost           Conj/Ice       ###...       4%          2    ##.....
c - Ozocubu's Armour      Chrm/Ice       ##......     13%         3    ###....

Your spell library contained the following spells:

 Spells                   Type           Power        Failure   Level  Hunger
 Magic Dart               Conj           #...         8%          1    None
 Blink                    Tloc           N/A          22%         2    ##.....
 Call Imp                 Summ           #.......     22%         2    ##.....
 Slow                     Hex            #.......     22%         2    ##.....
 Conjure Flame            Conj/Fire      #.......     32%         3    ###....
 Throw Icicle             Conj/Ice       ###.....     32%         4    ####...
 Mephitic Cloud           Conj/Pois/Air  #.......     34%         3    ###....
 Summon Ice Beast         Ice/Summ       ##......     41%         4    ####...


Dungeon Overview and Level Annotations

Branches:
Dungeon (5/15)             Temple (1/1) D:5

Altars:
Ashenzari
Cheibriados
Dithmenos
Elyvilon
Kikubaaqudgha
Makhleb
Nemelex Xobeh
Okawaru
Qazlal
Ru
Sif Muna
Trog
Vehumet
Wu Jian
Yredelemnul
The Shining One


Innate Abilities, Weirdness & Mutations

You are mostly covered in rugged brown scales. (AC +2, +5% HP)
Your flesh is cold resistant. (rC+)
You are partially covered in sharp spines.


Message History

Casting: Freeze (safe; 1% risk of failure)
Confirm with . or Enter, or press ? or * to list all spells.
Aiming: Freeze (safe; 1% risk of failure)
Press: ? - help, Shift-Dir - straight line, f - orc priest
Aim: an orc priest, wielding a +0 whip You freeze the orc priest.
The orc priest is moderately wounded.
The orc priest hits you with a +0 whip.
* * * LOW HITPOINT WARNING * * *
You hit the orc priest but do no damage.
The orc priest is moderately wounded.
The orc priest is struck by your spines.
The orc priest hits you with a +0 whip.
* * * LOW HITPOINT WARNING * * *
The orc misses you.
You closely miss the orc priest.
The orc priest is moderately wounded.
The orc priest is struck by your spines.
The orc priest hits you with a +0 whip!
You die...

#......................##.....
#.......................'.....
..##...........#...........#...#.
.......(...o...#...........#...#.
........)......######......#...#.
.......#######.######......# #
.[..... #o#....#......# ....o..
#o#....# #...... . #.#@..(#
##'###c ....##.#oo..# ...
.o...?...s.....+ ..
o..............# .............#
.......=........ ........[.(.....
.................
........#........


You could see an orc priest and an orc.

Vanquished Creatures
  An ogre (D:5)
  2 centaurs (D:5)
  A scorpion (D:4)
  A crimson imp (D:5)
  A jelly (D:5)
  An orc priest (D:4)
  An orc wizard (D:4)
  A bullfrog skeleton (D:4)
  2 iguanas
  A worker ant (D:5)
  5 gnolls (D:4)
  2 adders (D:2)
  A shadow imp (D:4)
  An ooze (D:4)
  An adder skeleton (D:4)
  3 worms
  A dart slug (D:4)
  6 leopard geckos
  7 orcs
  6 giant cockroaches
  11 goblins
  4 hobgoblins
  4 jackals (D:1)
  A quokka (D:4)
  2 ball pythons
  4 bats
  2 frilled lizards (D:1)
  A jackal skeleton (D:4)
  5 kobolds
  A leopard gecko skeleton (D:4)
  6 rats
  A fungus (D:1)
87 creatures vanquished.

Vanquished Creatures (others)
  6 toadstools (D:1)
6 creatures vanquished.

Grand Total: 93 creatures vanquished

Notes
Turn   | Place    | Note
-------+----------+-------------------------------------------
     0 | D:1      | Gumption the Demonspawn Ice Elementalist began the quest
                  | for the Orb.
     0 | D:1      | Reached XP level 1. HP: 13/13 MP: 3/3
   582 | D:1      | Reached skill level 3 in Ice Magic
   582 | D:1      | Gained mutation: You are partially covered in rugged brown
                  | scales. (AC +1, +3% HP) [demonic ancestry]
   582 | D:1      | Reached XP level 2. HP: 14/20 MP: 3/5
   745 | D:1      | Learned a level 2 spell: Throw Frost
  1178 | D:1      | You fall through a shaft!
  1444 | D:1      | Reached skill level 1 in Fighting
  1833 | D:2      | Reached XP level 3. HP: 26/26 MP: 6/6
  3443 | D:3      | Gained mutation: Your flesh is cold resistant. (rC+)
                  | [demonic ancestry]
  3443 | D:3      | Reached XP level 4. HP: 32/32 MP: 7/7
  4016 | D:4      | Found an iron altar of Okawaru.
  4230 | D:4      | Reached skill level 4 in Ice Magic
  4305 | D:3      | Reached XP level 5. HP: 30/39 MP: 5/9
  5000 | D:4      | Learned a level 3 spell: Ozocubu's Armour
  5034 | D:4      | Gained mutation: You are mostly covered in rugged brown
                  | scales. (AC +2, +5% HP) [demonic ancestry]
  5034 | D:4      | Reached XP level 6. HP: 36/48 MP: 7/10
  5608 | D:4      | Reached skill level 5 in Ice Magic
  6009 | D:5      | Entered Level 5 of the Dungeon
  6086 | D:5      | Found a staircase to the Ecumenical Temple.
  6092 | Temple   | Entered the Ecumenical Temple
  6224 | Temple   | Became a worshipper of Vehumet
  6404 | D:5      | Gained mutation: You are partially covered in sharp spines.
                  | [demonic ancestry]
  6404 | D:5      | Reached XP level 7. HP: 54/54 MP: 2/12
  6706 | D:5      | HP: 2/55 [orc priest/+0 whip (1)]
  6707 | D:5      | Mangled by an orc priest

Skill      XL: |  1  2  3  4  5  6  7 |
---------------+----------------------+-----
Ice Magic      | 3 4 5 |  5.8
Fighting       | 1 2 3 |  3.8
Spellcasting   | 3 4 |  4.0
Dodging        | |  1.7
Stealth        | |  1.7
Conjurations   | |  1.5

Action                   |  1- 3 |  4- 6 |  7- 9 || total
-------------------------+-------+-------+-------++-------
Melee: Unarmed           |    76 |       |       ||    76
       Short sword       |    32 |       |       ||    32
       Whip              |       |    57 |    15 ||    72
 Fire: Hunting sling     |    35 |    56 |       ||    91
 Cast: Freeze            |    47 |    21 |     5 ||    73
       Throw Frost       |       |    18 |       ||    18
Evoke: Wand              |       |     1 |       ||     1
 Stab: Sleeping          |     2 |     1 |       ||     3
  Eat: Chunk             |     9 |     8 |     2 ||    19
Armor: Robe              |    18 |    16 |     2 ||    36
Dodge: Dodged            |    54 |    53 |    12 ||   119
